PCL
LAS VEGAS STARS @ TEXARKANA BEARS
07/22/2030
 
TOP OF THE 1ST
Las Vegas Stars batting - Pitching for Texarkana Bears : RHP Joe Utter
Pitching: RHP Joe Utter
Batting: RHB Tomás Díaz 0-0: Fly out, F9 (Flyball, 9)
Batting: RHB Ricardo Guzmán 0-0: Called Strike
0-1: Called Strike
0-2: Ball
1-2: SINGLE (Flyball, 7S)
Batting: LHB Patrick Osborne 0-0: Ball
Ricardo Guzmán steals 2nd base
1-0: Ball
2-0: Called Strike
2-1: Foul Ball, location: 2F
2-2: 2-RUN HOME RUN (Flyball, 9LD), Distance : 369 ft
Batting: LHB Phil Smith 0-0: Swinging Strike
0-1: Ball
1-1: Ground out 4-3 (Groundball, 4M)
Batting: RHB Juan Valverde 0-0: Ball
1-0: Called Strike
1-1: Swinging Strike
1-2: Ball
2-2: Ball
3-2: Base on Balls
Batting: RHB Alonso Holguín 0-0: Ball
1-0: Ball
2-0: Called Strike
2-1: Ball
3-1: Called Strike
3-2: Base on Balls
Juan Valverde to second
Batting: RHB Barney Lawson 0-0: Called Strike
0-1: Foul Ball, location: 2F
0-2: Strikes out swinging
Top of the 1st over - 2 runs, 2 hits, 0 errors, 2 left on base; Las Vegas 2 - Texarkana 0
BOTTOM OF THE 1ST
Texarkana Bears batting - Pitching for Las Vegas Stars : RHP Alberto Márquez
Pitching: RHP Alberto Márquez
Batting: LHB Sammy Marshall 0-0: Called Strike
0-1: Ball
1-1: Ball
2-1: Swinging Strike
2-2: SINGLE (Line Drive, 6D)
Batting: RHB Roger Rush 0-0: Ball
1-0: Called Strike
1-1: Ball
2-1: SINGLE (Line Drive, 4MD)
Sammy Marshall to second
Batting: RHB Marvin Johnson 0-0: Ball
1-0: Ball
2-0: Fly out, F4 (Popup, 34D)
Batting: RHB Eric Green 0-0: Called Strike
Sammy Marshall steals 3rd base
Roger Rush to second
0-1: Foul Ball, location: 2F
0-2: Ball
1-2: Foul Ball, location: 2F
1-2: Strikes out swinging
Batting: LHB Tom Mullins 0-0: Ball
1-0: Ground out 5-3 (Groundball, 56S)
Bottom of the 1st over - 0 runs, 2 hits, 0 errors, 2 left on base; Las Vegas 2 - Texarkana 0
TOP OF THE 2ND
Las Vegas Stars batting - Pitching for Texarkana Bears : RHP Joe Utter
Batting: RHB Sam Wallace 0-0: Called Strike
0-1: Called Strike
0-2: Strikes out looking
Batting: RHB Gabriel Miranda 0-0: Called Strike
0-1: Foul Ball, location: 2F
0-2: Ground out 1-3 (Groundball, P)
Batting: RHB Tomás Díaz 0-0: Foul Ball, location: 2F
0-1: Called Strike
0-2: Strikes out swinging
Top of the 2nd over - 0 runs, 0 hits, 0 errors, 0 left on base; Las Vegas 2 - Texarkana 0
BOTTOM OF THE 2ND
Texarkana Bears batting - Pitching for Las Vegas Stars : RHP Alberto Márquez
Batting: RHB Gilberto López 0-0: Ball
1-0: Foul Ball, location: 2F
1-1: Foul Ball, location: 2F
1-2: SINGLE (Groundball, 56D)
Batting: RHB Steve Garneys 0-0: Ball
1-0: Foul Ball, location: 2F
1-1: Ball
2-1: Swinging Strike
2-2: Fly out, F8 (Flyball, 8RM)
Batting: RHB Kun Liu 0-0: Called Strike
0-1: Swinging Strike
0-2: Foul Ball, location: 2F
0-2: DOUBLE (Flyball, 8LD)
Gilberto López to third
Batting: LHB Sam Barnes 0-0: Foul Ball, location: 2F
0-1: Ball
1-1: Ball
2-1: Swinging Strike
2-2: Strikes out swinging
Batting: LHB Sammy Marshall 0-0: Called Strike
0-1: Ball
1-1: Ball
2-1: Ball
3-1: Foul Ball, location: 2F
3-2: Base on Balls
Batting: RHB Roger Rush 0-0: Foul Ball, location: 2F
0-1: Ball
1-1: Ball
2-1: Foul Ball, location: 2F
2-2: Fielders Choice at 2nd, 6-4 (Groundball, 6)
Bottom of the 2nd over - 0 runs, 2 hits, 0 errors, 3 left on base; Las Vegas 2 - Texarkana 0
TOP OF THE 3RD
Las Vegas Stars batting - Pitching for Texarkana Bears : RHP Joe Utter
Batting: RHB Ricardo Guzmán 0-0: Ball
1-0: Ball
2-0: Called Strike
2-1: Ball
3-1: SINGLE (Groundball, 5) (infield hit)
Batting: LHB Patrick Osborne 0-0: Foul Ball, location: 2F
0-1: Ball
1-1: Ball
2-1: Ball
3-1: Fly out, F8 (Flyball, 8RXD)
Batting: LHB Phil Smith 0-0: Ball
Ricardo Guzmán steals 2nd base
1-0: Called Strike
1-1: Called Strike
1-2: Ground out 4-3 (Groundball, 4)
Ricardo Guzmán to third
Batting: RHB Juan Valverde 0-0: Ball
1-0: SINGLE (Groundball, 6MD)
Ricardo Guzmán scores
Batting: RHB Alonso Holguín 0-0: Ground out U3 (Groundball, 3)
Top of the 3rd over - 1 run, 2 hits, 0 errors, 1 left on base; Las Vegas 3 - Texarkana 0
BOTTOM OF THE 3RD
Texarkana Bears batting - Pitching for Las Vegas Stars : RHP Alberto Márquez
Batting: RHB Marvin Johnson 0-0: Ground out 3-1 (Groundball, 34)
Batting: RHB Eric Green 0-0: Called Strike
0-1: Ball
1-1: SINGLE (Groundball, 3D)
Batting: LHB Tom Mullins 0-0: Called Strike
0-1: Ball
1-1: Grounds into double play, 5-4-3 (Groundball, 56)
Bottom of the 3rd over - 0 runs, 1 hit, 0 errors, 0 left on base; Las Vegas 3 - Texarkana 0
TOP OF THE 4TH
Las Vegas Stars batting - Pitching for Texarkana Bears : RHP Joe Utter
Batting: RHB Barney Lawson 0-0: Ball
1-0: Ball
2-0: Called Strike
2-1: Ground out 3-1 (Groundball, 34S)
Batting: RHB Sam Wallace 0-0: Ball
1-0: Ball
2-0: Swinging Strike
2-1: Foul Ball, location: 2F
2-2: Strikes out looking
Batting: RHB Gabriel Miranda 0-0: Called Strike
0-1: Swinging Strike
0-2: Ball
1-2: Ball
2-2: Foul Ball, location: 2F
2-2: Fly out, F8 (Flyball, 8RD)
Top of the 4th over - 0 runs, 0 hits, 0 errors, 0 left on base; Las Vegas 3 - Texarkana 0
BOTTOM OF THE 4TH
Texarkana Bears batting - Pitching for Las Vegas Stars : RHP Alberto Márquez
Batting: RHB Gilberto López 0-0: Called Strike
0-1: Ball
1-1: Ball
2-1: Foul Ball, location: 2F
2-2: Foul Ball, location: 2F
2-2: Reached on error, E5 (Groundball, 56S)
Batting: RHB Steve Garneys 0-0: Fly out, F6 (Popup, 6MD)
Batting: RHB Kun Liu 0-0: Ball
1-0: Ball
2-0: Fly out, F7 (Flyball, 78S)
Batting: LHB Sam Barnes 0-0: Called Strike
0-1: Foul Ball, location: 2F
0-2: Strikes out swinging
Bottom of the 4th over - 0 runs, 0 hits, 1 error, 1 left on base; Las Vegas 3 - Texarkana 0
TOP OF THE 5TH
Las Vegas Stars batting - Pitching for Texarkana Bears : RHP Joe Utter
Batting: RHB Tomás Díaz 0-0: Foul Ball, location: 2F
0-1: SINGLE (Flyball, 78S)
Batting: RHB Ricardo Guzmán 0-0: Ball
1-0: Fielders Choice at 2nd, 6-4 (Groundball, 6MD)
Batting: LHB Patrick Osborne 0-0: Ball
1-0: Called Strike
1-1: Swinging Strike
1-2: Foul Ball, location: 2F
1-2: Ball
2-2: Strikes out swinging
Batting: LHB Phil Smith 0-0: Ball
1-0: Ball
2-0: Ball
3-0: Base on Balls
Ricardo Guzmán to second
Pitching: LHP Manuel Santiago
Batting: RHB Juan Valverde 0-0: Called Strike
0-1: Foul Ball, location: 2F
0-2: Ball
1-2: Ball
2-2: Ball
3-2: SINGLE (Line Drive, 56D)
Ricardo Guzmán to third
Phil Smith to second
Ricardo Guzmán scores
Phil Smith to third
Batting: RHB Alonso Holguín 0-0: Foul Ball, location: 2F
0-1: Ball
1-1: DOUBLE (Line Drive, 7LM)
Phil Smith scores
Juan Valverde to third
Batting: RHB Barney Lawson 0-0: Foul Ball, location: 2F
0-1: Ball
1-1: Foul Ball, location: 2F
1-2: Ball
2-2: Strikes out swinging
Top of the 5th over - 2 runs, 3 hits, 0 errors, 2 left on base; Las Vegas 5 - Texarkana 0
BOTTOM OF THE 5TH
Texarkana Bears batting - Pitching for Las Vegas Stars : RHP Alberto Márquez
Batting: LHB Sammy Marshall 0-0: Fly out, F7 (Flyball, 7)
Batting: RHB Roger Rush 0-0: Ball
1-0: Ground out 5-3 (Groundball, 5)
Batting: RHB Marvin Johnson 0-0: Swinging Strike
0-1: Ball
1-1: SINGLE (Groundball, 34D)
Batting: RHB Eric Green 0-0: Foul Ball, location: 2F
0-1: Swinging Strike
0-2: Foul Ball, location: 2F
0-2: Ground out 6-3 (Groundball, 56)
Bottom of the 5th over - 0 runs, 1 hit, 0 errors, 1 left on base; Las Vegas 5 - Texarkana 0
TOP OF THE 6TH
Las Vegas Stars batting - Pitching for Texarkana Bears : LHP Manuel Santiago
Batting: RHB Sam Wallace 0-0: Ball
1-0: Ball
2-0: Ground out 1-3 (Groundball, 15S)
Batting: RHB Gabriel Miranda 0-0: Ground out 6-3 (Groundball, 6MD)
Batting: RHB Tomás Díaz 0-0: Ball
1-0: Ball
2-0: Called Strike
2-1: Fly out, F9 (Flyball, 9LMF)
Top of the 6th over - 0 runs, 0 hits, 0 errors, 0 left on base; Las Vegas 5 - Texarkana 0
BOTTOM OF THE 6TH
Texarkana Bears batting - Pitching for Las Vegas Stars : RHP Alberto Márquez
Batting: LHB Tom Mullins 0-0: Ball
1-0: Ball
2-0: Swinging Strike
2-1: Swinging Strike
2-2: Foul Ball, location: 2F
2-2: Foul Ball, location: 2F
2-2: Ball
3-2: SINGLE (Line Drive, 5L)
Batting: RHB Gilberto López 0-0: Ball
1-0: Foul Ball, location: 2F
1-1: Foul Ball, location: 2F
1-2: Ball
2-2: Fly out, F2 (Popup, 23F)
Batting: RHB Steve Garneys 0-0: Fly out, F8 (Flyball, 8LS)
Batting: RHB Kun Liu 0-0: Ball
1-0: Called Strike
1-1: Reached via error on a dropped throw, E1
Tom Mullins to second
Batting: LHB Sam Barnes 0-0: Called Strike
0-1: Ball
1-1: Ball
2-1: Fielders Choice at 2nd, 6-4 (Groundball, 6)
Bottom of the 6th over - 0 runs, 1 hit, 1 error, 2 left on base; Las Vegas 5 - Texarkana 0
TOP OF THE 7TH
Las Vegas Stars batting - Pitching for Texarkana Bears : LHP Manuel Santiago
Batting: RHB Ricardo Guzmán 0-0: Called Strike
0-1: Swinging Strike
0-2: Ball
1-2: Foul Ball, location: 2F
1-2: Foul Ball, location: 2F
1-2: Foul Ball, location: 2F
1-2: Fly out, F8 (Line Drive, 78D)
Batting: LHB Patrick Osborne 0-0: Ball
1-0: Foul Ball, location: 2F
1-1: Ball
2-1: Called Strike
2-2: Strikes out swinging
Batting: LHB Phil Smith 0-0: Called Strike
0-1: Foul Ball, location: 2F
0-2: Ball
1-2: Strikes out swinging
Top of the 7th over - 0 runs, 0 hits, 0 errors, 0 left on base; Las Vegas 5 - Texarkana 0
BOTTOM OF THE 7TH
Texarkana Bears batting - Pitching for Las Vegas Stars : RHP Alberto Márquez
Batting: LHB Sammy Marshall 0-0: SINGLE (Line Drive, 78S)
Batting: RHB Roger Rush 0-0: Called Strike
0-1: Foul Ball, location: 2F
0-2: Fly out, F8 (Flyball, 8LD)
Pitching: LHP Carlos Castillo
Batting: RHB Marvin Johnson 0-0: Ball
1-0: Ball
Sammy Marshall steals 2nd base
2-0: SINGLE (Line Drive, 7S)
Sammy Marshall to third
Batting: RHB Eric Green 0-0: Ground out 5-3 (Groundball, 56S)
Sammy Marshall scores
Marvin Johnson to second
Batting: LHB Tom Mullins 0-0: Swinging Strike
0-1: Foul Ball, location: 2F
0-2: Strikes out swinging
Bottom of the 7th over - 1 run, 2 hits, 0 errors, 1 left on base; Las Vegas 5 - Texarkana 1
TOP OF THE 8TH
Las Vegas Stars batting - Pitching for Texarkana Bears : LHP Manuel Santiago
Batting: RHB Juan Valverde 0-0: Called Strike
0-1: Ball
1-1: Ground out U3 (Groundball, 3S)
Batting: RHB Alonso Holguín 0-0: Called Strike
0-1: Foul Ball, location: 2F
0-2: Ground out 4-3 (Groundball, 4)
Batting: RHB Barney Lawson 0-0: DOUBLE (Flyball, 8RD)
Batting: RHB Sam Wallace 0-0: Ball
Passed Ball!
Barney Lawson to third
1-0: Ball
2-0: Ball
3-0: Called Strike
3-1: Base on Balls
Batting: RHB Gabriel Miranda 0-0: Called Strike
0-1: Ground out 4-3 (Groundball, 4)
Top of the 8th over - 0 runs, 1 hit, 0 errors, 2 left on base; Las Vegas 5 - Texarkana 1
BOTTOM OF THE 8TH
Texarkana Bears batting - Pitching for Las Vegas Stars : LHP Carlos Castillo
Batting: RHB Gilberto López 0-0: Ball
1-0: Ball
2-0: Ball
3-0: Called Strike
3-1: Foul Ball, location: 2F
3-2: Foul Ball, location: 2F
3-2: Ground out 5-3 (Groundball, 5)
Batting: RHB Steve Garneys 0-0: Foul Ball, location: 2F
0-1: Ground out 6-3 (Groundball, 6)
Batting: RHB Kun Liu 0-0: Ball
1-0: Ball
2-0: Swinging Strike
2-1: Foul Ball, location: 2F
2-2: Foul Ball, location: 2F
2-2: Strikes out looking
Bottom of the 8th over - 0 runs, 0 hits, 0 errors, 0 left on base; Las Vegas 5 - Texarkana 1
TOP OF THE 9TH
Las Vegas Stars batting - Pitching for Texarkana Bears : LHP Manuel Santiago
Batting: RHB Tomás Díaz 0-0: Foul Ball, location: 2F
0-1: Ball
1-1: Swinging Strike
1-2: Ball
2-2: Foul Ball, location: 2F
2-2: Ball
3-2: Foul Ball, location: 2F
3-2: DOUBLE (Line Drive, 7LD)
Batting: RHB Ricardo Guzmán 0-0: Called Strike
Tomás Díaz steals 3rd base
0-1: Ball
1-1: Foul Ball, location: 2F
1-2: Foul Ball, location: 2F
1-2: Ball
2-2: Strikes out looking
Batting: LHB Patrick Osborne 0-0: Intentional Walk
Batting: LHB Phil Smith 0-0: Called Strike
0-1: Called Strike
0-2: Ball
1-2: Ball
2-2: Ball
3-2: Base on Balls
Patrick Osborne to second
Batting: RHB Juan Valverde 0-0: Ball
1-0: Ball
2-0: Foul Ball, location: 2F
2-1: Foul Ball, location: 2F
2-2: Ball
3-2: Foul Ball, location: 2F
3-2: Foul Ball, location: 2F
3-2: DOUBLE (Line Drive, 7LM)
Tomás Díaz scores
Patrick Osborne scores
Phil Smith to third
Batting: RHB Alonso Holguín 0-0: Foul Ball, location: 2F
0-1: Foul Ball, location: 2F
0-2: Ball
1-2: SINGLE (Groundball, 6D)
Phil Smith scores
Juan Valverde to third
Batting: RHB Barney Lawson 0-0: Ball
1-0: Called Strike
1-1: Ball
2-1: Grounds into double play, 5-4-3 (Groundball, 56)
Top of the 9th over - 3 runs, 3 hits, 0 errors, 1 left on base; Las Vegas 8 - Texarkana 1
BOTTOM OF THE 9TH
Texarkana Bears batting - Pitching for Las Vegas Stars : LHP Carlos Castillo
Now at C: Gilberto Silva
Batting: LHB Sam Barnes 0-0: Fly out, F8 (Flyball, 8LM)
Batting: LHB Sammy Marshall 0-0: SINGLE (Line Drive, 4M)
Batting: RHB Roger Rush 0-0: Ball
1-0: Ball
2-0: Ball
3-0: Called Strike
3-1: Swinging Strike
3-2: Base on Balls
Sammy Marshall to second
Batting: RHB Marvin Johnson 0-0: Ball
1-0: Called Strike
1-1: Called Strike
1-2: SINGLE (Line Drive, 4D)
Sammy Marshall to third
Roger Rush to second
Batting: RHB Eric Green 0-0: Foul Ball, location: 2F
0-1: Ball
1-1: Grounds into double play, U3-6 (Groundball, 3L)
Bottom of the 9th over - 0 runs, 2 hits, 0 errors, 2 left on base; Las Vegas 8 - Texarkana 1
Saturday, April 7th, 2018 - OOTP Baseball 18.8 Build 76